 Dungeon Crawl Stone Soup version 0.32-a0-913-g739538afd8 (webtiles) character file.

Game seed: 11835758320970494719

156 Armakuni the Charlatan (level 5, -2/41 HPs)
             Began as a Human Artificer on Apr 7, 2024.
             Slain by Pikel
             ... wielding a +2 whip of flaming
              (7 damage)
             ... on level 4 of the Dungeon.
             The game lasted 00:05:44 (2621 turns).

Armakuni the Charlatan (Human Artificer)            Turns: 2621, Time: 00:05:45

Health: -2/41      AC:  6    Str: 14    XL:     5   Next: 38%
Magic:  5/5        EV: 10    Int: 11    God:
Gold:   224        SH:  0    Dex: 14    Spells: 4/4 levels left

rFire   . . .        i - +0 short sword (venom)
rCold   . . .        (no shield)
rNeg    . . .        f - +0 ring mail
rPois   .            (no helmet)
rElec   .            (no cloak)
rCorr   .            k - +0 pair of gloves
SInv    .            (no boots)
Will    .....        (no amulet)
Stlth   +            (no ring)
HPRegen 0.26/turn    (no ring)
MPRegen 0.09/turn

%: no passive effects
@: no status effects
A: explore regen
a: no special abilities


You were on level 4 of the Dungeon.
You visited 1 branch of the dungeon, and saw 4 of its levels.

You collected 224 gold pieces.

Inventory:

Hand Weapons
 a - a +0 club
 i - a +0 short sword of venom (weapon)
Armour
 f - a +0 ring mail (worn)
 k - a +0 pair of gloves (worn)
Wands
 c - a wand of flame (9) (quivered)
 d - a wand of charming (13)
 e - a wand of iceblast (5)
Potions
 b - a potion of resistance {unknown}
 g - a potion of might {unknown}
 j - a potion of attraction {unknown}
 l - a potion of heal wounds {unknown}
 m - 2 potions of enlightenment


   Skills:
 - Level 3.0 Fighting
 - Level 2.0 Short Blades
 - Level 1.7 Maces & Flails
 + Level 2.6 Armour
 + Level 2.0 Dodging
 - Level 1.0 Stealth
 - Level 3.0 Evocations


You had 4 spell levels left.
You didn't know any spells.
Your spell library contained the following spells:

 Spells                   Type           Power      Damage    Failure   Level
 Mercury Vapours          Alch/Air       0%         N/A       71%         2
 Mephitic Cloud           Conj/Alch/Air  0%         N/A       91%         3
 Freezing Cloud           Conj/Ice/Air   0%         6-21      100%        5


Dungeon Overview and Level Annotations

Branches:
Dungeon (4/15)
 Temple: D:4-7

Altars:

Shops:
D:4 (

Annotations:
D:4 Pikel


Innate Abilities, Weirdness & Mutations

You regain HP and MP as you explore.


Message History

Your lemure barely misses Pikel.
The lemure closely misses your lemure. Pikel misses your lemure.
Your lemure barely misses Pikel.
Your lemure hits Pikel but does no damage.
The lemure hits your lemure.
Your lemure dies!
Your lemure barely misses Pikel.
You closely miss Pikel.
Pikel is moderately wounded.
Pikel misses you.
Your lemure hits Pikel but does no damage.
You closely miss Pikel.
Pikel is moderately wounded.
Pikel hits you with a +2 whip of flaming!
Pikel burns you. The lemure hits your lemure.
Your lemure barely misses Pikel.
You hit Pikel.
Pikel is poisoned.
Pikel is moderately wounded.
Pikel hits you with a +2 whip of flaming.
Pikel burns you. The lemure hits your lemure.
Your lemure closely misses the lemure.
You hit Pikel but do no damage.
Pikel looks as sick as possible!
Pikel is moderately wounded.
Pikel hits you with a +2 whip of flaming.
* * * LOW HITPOINT WARNING * * *
Pikel burns you.
* * * LOW HITPOINT WARNING * * *
The lemure hits your lemure.
Your lemure hits the lemure! Pikel attacks as he pursues you!
Pikel hits you with a +2 whip of flaming.
* * * LOW HITPOINT WARNING * * *
Pikel burns you.
* * * LOW HITPOINT WARNING * * *
You feel better.
Pikel hits you with a +2 whip of flaming.
* * * LOW HITPOINT WARNING * * *
Pikel burns you.
* * * LOW HITPOINT WARNING * * *
Pikel attacks as he pursues you!
Pikel hits you with a +2 whip of flaming!
You die...
Pikel says, "Another soul for the market."

#....#.....#
#....#.....#
##...##...#
##...[†#...#
#.....)....#
+...∩......#
#..........#
##.....#...#
###...##@..#
#..5.#.K...#
#...5#.....#
#....#######
#.....
#....).
#.......
+........
#.........


You could see Pikel (very poisoned).

Vanquished Creatures
  3 orc wizards (D:3)
  2 adders
  A ribbon worm (D:3)
  A dart slug (D:1)
  7 orcs (D:3)
  3 endoplasms
  4 giant cockroaches
  6 goblins
  4 hobgoblins
  3 quokkas
  8 ball pythons
  8 bats
  A frilled lizard (D:1)
  6 kobolds
  3 rats
60 creatures vanquished.

Vanquished Creatures (collateral kills)
  A lemure (D:4)
1 creature vanquished.

Vanquished Creatures (others)
  A lemure (D:4)
1 creature vanquished.

Grand Total: 62 creatures vanquished

Notes
Turn   | Place    | Note
-------+----------+-------------------------------------------
     0 | D:1      | Armakuni the Human Artificer began the quest for the Orb.
     0 | D:1      | Reached XP level 1. HP: 15/15 MP: 1/1
   224 | D:1      | Reached skill level 1 in Maces & Flails
   282 | D:1      | Reached XP level 2. HP: 9/21 MP: 2/2
   544 | D:1      | Reached skill level 1 in Short Blades
   647 | D:1      | You fall into a shaft and drop 1 floor!
   726 | D:1      | Reached XP level 3. HP: 24/26 MP: 3/3
  1830 | D:3      | Reached XP level 4. HP: 22/34 MP: 4/4
  2273 | D:3      | Reached XP level 5. HP: 40/41 MP: 5/5
  2563 | D:4      | Found Axkasirch's Weapon Boutique.
  2585 | D:4      | Noticed a lemure
  2585 | D:4      | Noticed a lemure
  2585 | D:4      | Noticed a lemure
  2600 | D:4      | Killed a lemure
  2600 | D:4      | Noticed Pikel
  2607 | D:4      | Noticed a lemure
  2621 | D:4      | Slain by Pikel

Illustrated notes

Levels and vault maps discovered:
D:1:      matt_arrival_refuge, layout_basic
D:2:      layout_basic
D:3:      layout_loops_cross, serial_bayou, serial_bayou_pond_d,
          serial_bayou_lagoon_b, serial_bayou_lake_a, serial_bayou_lagoon_a,
          serial_bayou_pond_e, serial_bayou_shore_b, kennysheep_generic_room_7
D:4:      layout_gridville, nicolae_ru_awakened_eye, minmay_temple_entry_trees,
          serial_shops, nicolae_shop_bloodbath_and_beyond, serial_forest,
          infiniplex_forest_lined_2, infiniplex_forest_lined_3,
          infiniplex_forest_clump_tiny, infiniplex_forest_corner_2,
          infiniplex_forest_fountain, infiniplex_forest_clump_C,
          infiniplex_forest_pool, infiniplex_forest_3_way, uniq_pikel,
          uniq_grinder, uniq_blork_the_orc

Skill      XL: |  1  2  3  4  5 |
---------------+----------------+-----
Maces & Flails | 1 |  1.7
Short Blades   | 1 2 |  2.0
Fighting       | 2 3 |  3.0
Dodging        | 2 |  2.0
Armour         | |  2.6
Stealth        | |  1.0
Evocations     | |  3.0

Action                     |  1- 3 |  4- 6 || total
---------------------------+-------+-------++-------
  Melee: Club              |    29 |       ||    29
         Short sword       |    96 |    85 ||   181
  Evoke: Wand              |     2 |     6 ||     8
    Use: Scroll            |     4 |     1 ||     5
         Potion            |     1 |     1 ||     2
   Stab: Sleeping          |     2 |       ||     2
 Armour: Leather armour    |    64 |       ||    64
         Ring mail         |    29 |    66 ||    95
  Dodge: Dodged            |    55 |    43 ||    98

Table legend: (Time is in decaauts)
 A = Elapsed time spent in this place.
 B = Non-inter-level travel time spent in this place.
 C = Inter-level travel time spent in this place.
 D = Time resting spent in this place.
 E = Time spent auto-exploring this place.
 F = Levels seen in this place.
 G = Mean time per level.
                   A        B        C        D        E       F      G
               +--------+--------+--------+--------+--------+-----+--------+
         Total |   2641 |   2567 |     74 |      0 |   2001 |   4 |  660.2 |
       Dungeon |   2641 |   2567 |     74 |      0 |   2001 |   4 |  660.2 |
               +--------+--------+--------+--------+--------+-----+--------+

Top non-repeatable levels by time:
     D:1: 1209 daAuts
     D:3: 731 daAuts
     D:2: 568 daAuts
     D:4: 131 daAuts
